 Dungeon Crawl Stone Soup version 0.29.1-12-g30fa7ad0bf (webtiles) character file.

Game seed: 15957665468951467467

462 Eitelfritz the Poker (level 6, -2/46 HPs)
             Began as a Minotaur Gladiator on Jan 13, 2023.
             Succumbed to a water moccasin's poison
             ... on level 4 of the Dungeon.
             The game lasted 00:07:43 (3876 turns).

Eitelfritz the Poker (Minotaur Gladiator)           Turns: 3876, Time: 00:07:44

Health: -2/46      AC:  6    Str: 22    XL:     6   Next: 79%
Magic:  5/5        EV: 13    Int:  6    God:
Gold:   108        SH:  0    Dex: 15    Spells: 5/5 levels left

rFire   + . .      SeeInvis .   a - +5 lochaber axe {reach-cleave, poleaxe}
rCold   + + .      Faith    .   (shield currently unavailable)
rNeg    . . .      Spirit   .   u - +1 leather armour "Nekyadel" {rC+ Will+ Dex+4}
rPois   +          Reflect  .   c - +0 hat
rElec   +          Harm     .   p - +0 cloak
rCorr   +          Rampage  .   w - +0 pair of gloves
Will    +....                   (no boots)
Stlth   +++.......              (no amulet)
HPRegen 0.15/turn               (no ring)
MPRegen 0.09/turn               (no ring)

@: mighty, brilliant, lethally poisoned (-2 -> -27), resistant, hasted, very
quick
A: horns 2, retaliatory headbutt, thin skeletal structure 1, clumsy 1, frail 1,
strong 1
a: no special abilities


You were on level 4 of the Dungeon.
You visited 1 branch of the dungeon, and saw 4 of its levels.

You collected 108 gold pieces.

Inventory:

Hand Weapons
 a - the +5 lochaber axe (weapon) {reach-cleave, poleaxe}
   (You found it on level 2 of the Dungeon)

   It can be evoked to extend its reach, and strikes at all foes within reach,
   dealing less damage to those not targeted.
   It uses either Axes or Polearms skill, whichever is higher.
 n - a +0 trident
 q - a +0 long sword
Missiles
 d - 4 throwing nets (quivered)
 e - a javelin
 h - 12 poisoned darts
 j - 43 stones
Armour
 c - a +0 hat (worn)
 p - a +0 cloak (worn)
 u - the +1 leather armour "Nekyadel" (worn) {rC+ Will+ Dex+4}
   (You found it on level 3 of the Dungeon)

   Dex:       It affects your dexterity (+4).
   rC:        It protects you from cold.
   Will:      It increases your willpower.
 w - a +0 pair of gloves (worn)
Jewellery
 l - the ring of Exept {rN+ MP+9 Int-4 Dex+6}
   (You took it off a hobgoblin on level 2 of the Dungeon)

   [ring of magical power]

   Int:       It affects your intelligence (-4).
   Dex:       It affects your dexterity (+6).
   rN:        It protects you from negative energy.
   MP:        It affects your magic capacity (+9).
 o - an amulet of regeneration
Wands
 r - a wand of iceblast (12)
Scrolls
 f - 2 scrolls of amnesia {unknown}
 i - a scroll of silence {unknown}
 k - a scroll of fear {unknown}
 m - 3 scrolls of poison {unknown}
 s - a scroll of immolation {unknown}
 x - a scroll of magic mapping {unknown}
 y - a scroll of teleportation {unknown}
 B - a scroll of enchant weapon {unknown}
Potions
 t - a potion of mutation
 A - a potion of cancellation {unknown}


   Skills:
 + Level 4.1 Fighting
 + Level 4.6 Long Blades
 + Level 5.0 Polearms
 + Level 2.2 Throwing
 + Level 2.5 Armour
 + Level 4.2 Dodging
 + Level 1.4 Stealth


You had 5 spell levels left.
You didn't know any spells.
Your spell library contained the following spells:

 Spells                   Type           Power      Damage    Failure   Level
 Necrotise                Necr           0%         1d4       50%         1
 Blink                    Tloc           0%         N/A       65%         2
 Lesser Beckoning         Tloc           0%         N/A       86%         3
 Vampiric Draining        Necr           0%         2d6       86%         3
 Agony                    Necr           0%         N/A       100%        5
 Manifold Assault         Tloc           0%         N/A       100%        5


Dungeon Overview and Level Annotations

Branches:
Dungeon (4/15)
 Temple: D:4-7

Altars:
Gozag
Makhleb
Qazlal
Trog


Innate Abilities, Weirdness & Mutations

You have a pair of horns on your head.
You reflexively headbutt those who attack you in melee.
You have a somewhat thin skeletal structure. (Dex +2, Stealth+)
You are clumsy. (Dex -2)
You are frail. (-10% HP)
Your muscles are strong. (Str +4, Int/Dex -1)


Message History

You are poisoned.
The water moccasin poisons you!
You miss the water moccasin. You headbutt the water moccasin!
The water moccasin is severely wounded.
You feel very sick.
The water moccasin completely misses you.
The water moccasin bites you.
You are more poisoned.
The water moccasin poisons you! The water moccasin bites you.
You are lethally poisoned!
The water moccasin poisons you!
It was a potion of mutation.
You feel extremely strange.
You feel frail.
Your bones become slightly less dense.
You feel clumsy.
You feel stronger.
You feel extremely sick. The water moccasin bites you.
You are more poisoned.
The water moccasin poisons you!
It was a potion of brilliance.
You feel clever all of a sudden.
You feel extremely sick.
The water moccasin bites you but does no damage.
The water moccasin misses you. You furiously retaliate!
You headbutt the water moccasin.
It was a potion of resistance.
You feel protected.
* * * LOW HITPOINT WARNING * * *
You feel extremely sick. The water moccasin misses you.
You furiously retaliate!
You headbutt the water moccasin!
You kill the water moccasin!
Your Fighting skill increases to level 4!
Your Polearms skill increases to level 5!
Unknown command.
It was a potion of might.
You feel very mighty all of a sudden.
* * * LOW HITPOINT WARNING * * *
You feel extremely sick.
It was a potion of haste.
You feel yourself speed up.
You die...

._§§.≈♣ ...≈§≈♣ #.# .#.#
≈≈≈§§≈♣#######.##.#.
≈≈§≈§.♣............>
.§§§§.♣...# #.#...
♣♣♣♣♣♣..#.# #.#..# #
.#...#.##.# #.#..#.##.#
...#.#.##.# #.#.......#
..<#.#.##.####.#@...##
...#.#.##............#
...#.#..........##.....#
...#.#...............#.#
...#............###....#
...###..........# .####
...# #..........# #
##.###..........#
....##..........#


There were no monsters in sight!

Vanquished Creatures
  A water moccasin (D:4)
  A black bear (D:4)
  2 jellies
  An orc priest (D:4)
  4 gnolls (D:4)
  4 adders
  2 worms
  4 dart slugs
  5 orcs (D:4)
  10 endoplasms
  4 giant cockroaches
  8 goblins
  7 hobgoblins
  6 quokkas
  10 ball pythons
  13 bats
  3 frilled lizards
  5 kobolds
  6 rats
96 creatures vanquished.

Notes
Turn   | Place    | Note
-------+----------+-------------------------------------------
     0 | D:1      | Eitelfritz the Minotaur Gladiator began the quest for the
                  | Orb.
     0 | D:1      | Reached XP level 1. HP: 18/18 MP: 0/0
   187 | D:1      | Reached XP level 2. HP: 17/25 MP: 1/1
   581 | D:1      | Found a faded altar of an unknown god.
   664 | D:1      | Got Plato's Incunable of Iniquitous Magic
   799 | D:1      | Reached XP level 3. HP: 30/30 MP: 2/2
  1308 | D:2      | Identified the ring of Exept {rN+ MP+9 Int-4 Dex+6}
  1813 | D:2      | Reached skill level 1 in Armour
  2149 | D:2      | Found the +5 lochaber axe {reach-cleave, poleaxe}
  2382 | D:3      | Reached XP level 4. HP: 36/38 MP: 3/3
  2398 | D:3      | Identified the +1 leather armour "Nekyadel" {rC+ Will+
                  | Dex+4}
  2466 | D:3      | Reached skill level 1 in Polearms
  2640 | D:3      | Noticed an earth elemental
  2642 | D:3      | Found a stormy altar of Qazlal.
  2643 | D:3      | Noticed an air elemental
  2643 | D:3      | Noticed a fire elemental
  2643 | D:3      | Noticed a water elemental
  2744 | D:3      | Reached skill level 1 in Stealth
  2857 | D:3      | Found a burning altar of Makhleb.
  2857 | D:3      | Noticed a green death
  3099 | D:4      | Noticed a black bear
  3104 | D:4      | Reached XP level 5. HP: 44/45 MP: 4/4
  3108 | D:4      | Reached skill level 2 in Polearms
  3108 | D:4      | Killed a black bear
  3109 | D:4      | Reached skill level 3 in Polearms
  3109 | D:4      | Reached XP level 6. HP: 41/51 MP: 5/5
  3296 | D:4      | Reached skill level 4 in Polearms
  3297 | D:4      | Found an opulent altar of Gozag.
  3783 | D:4      | Found a bloodstained altar of Trog.
  3866 | D:4      | Noticed a water moccasin
  3872 | D:4      | Gained mutation: You are frail. (-10% HP) [potion of
                  | mutation]
  3872 | D:4      | Gained mutation: You have a somewhat thin skeletal
                  | structure. (Dex +2, Stealth+) [potion of mutation]
  3872 | D:4      | Gained mutation: You are clumsy. (Dex -2) [potion of
                  | mutation]
  3872 | D:4      | Gained mutation: Your muscles are strong. (Str +4, Int/Dex
                  | -1) [potion of mutation]
  3874 | D:4      | Killed a water moccasin
  3875 | D:4      | Reached skill level 5 in Polearms
  3876 | D:4      | Succumbed to a water moccasin's poison

Illustrated notes

Levels and vault maps discovered:
D:1:      minmay_arrival_hallway, layout_basic,
          shapermc_ecumenical_altar_rom_forum, nicolae_eternal_life
D:2:      layout_basic, hangedman_decor_peaks_small
D:3:      layout_rooms, makhleb_altar_promises_db,
          nicolae_qazlal_style_of_elements, chequers_serial_rivers_small_b,
          minmay_statues_item, minmay_strange_pillars
D:4:      layout_basic, mainiacjoe_overflow_paths, marbit_many_paths

Skill      XL: |  1  2  3  4  5  6 |
---------------+-------------------+-----
Long Blades    | 4 |  4.6
Armour         | 1 2 |  2.5
Fighting       | 3 4 |  4.1
Polearms       | 1 3 5 |  5.0
Stealth        | 1 |  1.4
Dodging        | 4 |  4.2
Throwing       | |  2.2

Action                   |  1- 3 |  4- 6 || total
-------------------------+-------+-------++-------
Melee: Long sword        |    88 |       ||    88
       Headbutt          |    13 |     5 ||    18
       Lochaber axe      |    13 |    64 ||    77
       Punch             |     1 |       ||     1
  Use: Potion            |       |     5 ||     5
 Stab: Sleeping          |       |     2 ||     2
Armor: Leather armour    |    27 |    21 ||    48
       Ring mail         |    16 |       ||    16
Dodge: Dodged            |    67 |    69 ||   136
